Map: Proxima Station LE

Players

Namshar - Winner!

  • Race: Zerg Zerg
  • Spawn Location: 1:00

GAMETIME

  • Race: Zerg Zerg
  • Spawn Location: 7:00

Event: WCS Austin 2017

VOD

Have the link to the VOD?

Description

Time

  • Played on: April 28, 2017, 5:26 p.m.
  • Length: 6:02

All games in this series

Show
View Real Time Build Order
Export as new Build Order

Namshar Zerg - Winner!

Build Orders: Hatch First 

Get SALT Encoding   

  12  0:00  Drone  
  13  0:13  Overlord  
  13  0:17  Drone  
  14  0:31  Drone x2  
  14  0:35  Drone  
  17  0:52  Hatchery  
  17  0:55  Drone  
  17  0:58  Drone  
  18  1:09  Extractor  
  17  1:14  Spawning Pool  
  17  1:16  Drone  
  17  1:19  Drone  
  18  1:28  Drone  
  19  1:39  Overlord  
  19  1:49  Drone  
  20  2:01  Queen  
  20  2:02  Zergling x2  
  20  2:04  Queen  
  20  2:05  Drone  
  26  2:10  Metabolic Boost  
  26  2:13  Drone  
  26  2:15  Drone  
  28  2:19  Spine Crawler  
  27  2:23  Drone  
  27  2:27  Drone  
  29  2:34  Drone  
  30  2:41  Drone  
  30  2:43  Drone  
  32  2:49  Drone  
  32  2:57  Overlord, Hatchery  
  31  3:00  Drone  
  32  3:10  Roach Warren  
  32  3:11  Evolution Chamber  
  30  3:13  Evolution Chamber  
  30  3:19  Zergling x8  
  33  3:25  Zergling x2  
  34  3:28  Zergling x2  
  34  3:29  Zergling x2, Evolution Chamber  
  34  3:31  Zergling x2  
  36  3:46  Evolution Chamber  
  35  3:50  Roach x4  
  44  3:56  Evolution Chamber  
  44  3:59  Drone  
  44  4:00  Overlord  
  44  4:15  Drone x2, Queen  
  46  4:32  Zergling x4, Roach  
  46  4:33  Roach  
  48  4:42  Evolution Chamber  
  47  4:49  Roach  
  47  4:50  Roach, Evolution Chamber  
  47  4:52  Drone x2  
  53  4:53  Drone, Overlord x2  
  53  4:55  Drone  
  53  4:59  Overlord  
  55  5:01  Roach  
  57  5:13  Overlord  
  57  5:17  Roach x2  
  57  5:18  Drone x4  
  57  5:19  Drone  
  57  5:21  Drone  
  67  5:38  Evolution Chamber  
  67  5:39  Roach x3  
  72  5:49  Evolution Chamber  
Show
View Real Time Build Order
Export as new Build Order

GAMETIME Zerg 

Build Orders: Pool First, Zergling Baneling 

Get SALT Encoding   

  12  0:00  Drone  
  13  0:13  Overlord  
  13  0:17  Drone  
  14  0:31  Drone x2  
  14  0:35  Drone  
  17  0:41  Extractor  
  16  0:45  Drone  
  17  0:50  Spawning Pool  
  17  0:56  Drone  
  17  1:07  Drone  
  18  1:20  Hatchery  
  18  1:24  Drone  
  18  1:36  Queen  
  20  1:43  Metabolic Boost  
  20  1:49  Overlord  
  20  1:53  Zergling x2  
  21  1:56  Zergling x2  
  22  2:07  Baneling Nest  
  22  2:08  Zergling x2  
  22  2:12  Zergling x2  
  23  2:19  Queen  
  25  2:24  Zergling x2  
  26  2:32  Zergling x2  
  26  2:34  Zergling x2  
  28  2:48  Zergling x8  
  28  2:50  Zergling x2  
  33  2:53  Zergling x2  
  34  3:00  Zergling x2  
  35  3:05  Baneling  
  35  3:06  Baneling x2  
  35  3:07  Zergling x2  
  35  3:14  Overlord  
  35  3:21  Baneling x3  
  35  3:27  Zergling x2  
  35  3:32  Zergling x2  
  34  3:35  Baneling  
  34  3:37  Zergling x6  
  34  3:44  Zergling x4  
  34  3:47  Baneling  
  33  3:50  Zergling x2  
  33  3:53  Zergling x2  
  32  3:56  Zergling x2  
  32  3:59  Baneling  
  32  4:02  Zergling x2  
  33  4:05  Zergling x2  
  33  4:08  Baneling  
  34  4:11  Zergling x2  
  35  4:18  Baneling  
  35  4:20  Zergling x4  
  32  4:36  Zergling x2  
  32  4:37  Zergling x6  
  33  4:41  Zergling x2  
  33  4:42  Zergling x2  
  33  4:43  Baneling  
  32  4:46  Baneling  
  32  4:47  Baneling  
  32  4:50  Zergling x2  
  33  4:56  Zergling x2  
  34  5:03  Zergling x2  
  34  5:04  Zergling x2  
  34  5:06  Zergling x2  
  37  5:10  Zergling x2  
  38  5:16  Zergling x2  
  39  5:21  Baneling  
  39  5:22  Baneling x2  
  39  5:23  Baneling  
  39  5:30  Overlord, Baneling  
  39  5:36  Zergling x2  
  39  5:39  Zergling x2  
  42  5:42  Zergling x2  
  42  5:46  Baneling  
Tags
 
Add a new tag
Caveats
  • Supply blocks, unpowered buildings, or Contaminate may cause inaccurate times.
  • Supply counts are checked every 10 seconds.